 Dungeon Crawl Stone Soup version 0.16-a0-296-gbdb9f68 (webtiles) character file.

303 Ratboiler the Vandal (level 6, -2/37 HPs)
             Began as a Halfling Arcane Marksman on Aug 29, 2014.
             Was a Follower of Okawaru.
             Killed by nerve-wracking pain
             ... invoked by Grinder
              (9 damage)
             ... on Level 4 of the Dungeon.
             The game lasted 00:16:48 (3614 turns).

Ratboiler the Vandal (Halfling Arcane Marksman)     Turns: 3614, Time: 00:16:51

HP  -2/37        AC  2     Str 11      XL: 6   Next: 65%
MP   1/8         EV 15     Int 12      God: Okawaru [*.....]
Gold 264         SH  0     Dex 16      Spells:  2 memorised,  4 levels left

rFire  . . .     SeeInvis .     b - +0 hunting sling
rCold  . . .     Clarity  .     g - +0 robe
rNeg   + . .     rCorr    .     (no shield)
rPois  .         rRot     .     (no helmet)
rElec  .         Spirit   .     (no cloak)
SustAb .         Warding  .     (no gloves)
rMut   .         Stasis   .     (no boots)
Gourm  .                        (no amulet)
MR     .....                    o - ring of positive energy
                                e - ring of invisibility

@: not resistant to hostile enchantments, very unstealthy
A: mutation resistance 1
a: Heroism, Renounce Religion, Evoke Invisibility


You were on level 4 of the Dungeon.
You worshipped Okawaru.
Okawaru was aware of your devotion.
You were not hungry.

You visited 1 branch of the dungeon, and saw 4 of its levels.

You collected 264 gold pieces.

Inventory:

Hand weapons
 a - a +2 spear of piercing
 b - a +0 hunting sling (weapon)
 m - a +0 mace
 n - a +0 dagger
 p - a +0 spear
Missiles
 c - 3 sling bullets (quivered)
 i - 169 stones
Armour
 g - a +0 robe (worn)
 r - a +0 scale mail
Magical devices
 v - a wand of random effects (15) {unknown}
Comestibles
 f - 2 bread rations
 w - 2 rotting chunks of human flesh
Scrolls
 h - a scroll of fog {unknown}
 j - a scroll of remove curse {unknown}
 k - a scroll of magic mapping {unknown}
 q - a scroll of enchant armour {unknown}
 s - a scroll of enchant weapon {unknown}
 t - a scroll of recharging {unknown}
 u - a scroll of identify {unknown}
Jewellery
 e - a ring of invisibility (left hand)
 o - a ring of positive energy (right hand)
Books
 d - a book of Debilitation

   Spells                             Type                      Level
   *Corona                            Hexes                        1
   *Slow                              Hexes                        2
   Inner Flame                        Hexes/Fire                   3
   Enslavement                        Hexes                        4
   Cause Fear                         Hexes                        4
   Leda's Liquefaction                Hexes/Earth                  4


   Skills:
 - Level 0.8 Fighting
 * Level 6.9 Slings
 - Level 2.1 Dodging
 - Level 1.0 Spellcasting
 * Level 4.8 Hexes


You had 4 spell levels left.
You knew the following spells:

 Your Spells              Type           Power        Failure   Level  Hunger
a - Corona                Hex            ##.....      4%          1    ##.....
b - Slow                  Hex            ##......     8%          2    ###....


Dungeon Overview and Level Annotations

Branches:
Dungeon (4/15)
 Temple: D:4-7

Altars:
Okawaru
Qazlal

Annotations:
D:4 Grinder


Innate Abilities, Weirdness & Mutations

You are small and have problems with some larger weapons.
You are somewhat resistant to further mutation.


Message History

Grinder gestures at you. Pain shoots through your body!
* * * LOW HITPOINT WARNING * * *
Casting: Slow
Confirm with . or Enter, or press ? or * to list all spells.
Aiming: Slow
Press: ? - help, Shift-Dir - straight line, f/p - Grinder
Aim: Grinder Grinder resists.
Grinder gestures at you.
You barely resist.
Casting: Slow
Confirm with . or Enter, or press ? or * to list all spells.
Aiming: Slow
Press: ? - help, Shift-Dir - straight line, f/p - Grinder
Aim: Grinder Grinder resists.
Grinder gestures at you. Pain shoots through your body!
You die...

### #### ##.### #..##
#....# ##..######
##....#
##........#####.....#
##..######5.@........###
###..## ####..........##
##..### #............#
##..## ##...........#
...## #...........# .###
#...........# ##
##..........# #
#.........## #
##.......##


You could see Grinder.

Vanquished Creatures
  Eustachio (D:4)
  2 worker ants
  4 adders
  2 worms
  A giant mite (D:3)
  An ooze (D:2)
  4 orcs
  A giant cockroach (D:3)
  4 hobgoblins
  2 jackals (D:2)
  4 quokkas
  2 ball pythons
  7 bats
  4 giant newts
  10 goblins
  6 kobolds
  9 rats
64 creatures vanquished.

Notes
Turn   | Place    | Note
--------------------------------------------------------------
     0 | D:1      | Ratboiler, the Halfling Arcane Marksman, began the quest for the Orb.
     0 | D:1      | Reached XP level 1. HP: 12/12 MP: 2/2
   363 | D:1      | Found an iron altar of Okawaru.
   371 | D:1      | Became a worshipper of Warmaster Okawaru
   578 | D:1      | Reached XP level 2. HP: 18/18 MP: 3/3
   584 | D:1      | Learned a level 2 spell: Slow
  1250 | D:2      | Reached skill level 4 in Slings
  1250 | D:2      | Reached XP level 3. HP: 9/22 MP: 4/4
  1885 | D:2      | Found a stormy altar of Qazlal.
  1934 | D:2      | Reached XP level 4. HP: 27/27 MP: 5/5
  2549 | D:3      | Reached skill level 5 in Slings
  2622 | D:3      | Reached XP level 5. HP: 24/32 MP: 7/7
  3196 | D:4      | Noticed Eustachio
  3230 | D:4      | Killed Eustachio
  3230 | D:4      | Acquired Okawaru's first power
  3230 | D:4      | Reached skill level 6 in Slings
  3230 | D:4      | Reached XP level 6. HP: 9/37 MP: 4/8
  3573 | D:4      | Noticed Grinder
  3575 | D:4      | Paralysed by Grinder for 2 turns
  3580 | D:4      | Paralysed by Grinder for 3 turns
  3592 | D:4      | Paralysed by Grinder for 5 turns
  3614 | D:4      | Killed from afar by Grinder

Action                   |  1- 3 |  4- 6 || total
-------------------------+-------+-------++-------
Melee: Spear             |    49 |   100 ||   149
       Mace              |     4 |       ||     4
 Fire: Hunting sling     |    30 |    37 ||    67
 Cast: Slow              |     4 |     9 ||    13
       Corona            |       |     7 ||     7
  Use: Potion            |     4 |     1 ||     5
  Eat: Chunk             |     3 |     3 ||     6
       Bread ration      |       |     1 ||     1
